 Dungeon Crawl Stone Soup version 0.29-a0-464-g50448035db (webtiles) character file.

Game seed: 5602108164899916766

30 Lekart the Skirmisher (level 3, 0/17 HPs)
             Began as a Felid Chaos Knight on May 21, 2022.
             Was a Plaything of Xom.
             Slain by an adder (3 damage)
             ... on level 2 of the Dungeon.
             The game lasted 00:02:25 (1469 turns).

Lekart the Skirmisher (Felid Chaos Knight)          Turns: 1469, Time: 00:02:25

Health: 0/17       AC:  1    Str:  8    XL:     3   Next: 5%
Magic:  4/4        EV: 18    Int: 13    God:    Xom [*.....]
Gold:   55         SH:  0    Dex: 17    Spells: 2/2 levels left
                                        Lives:  0   Deaths: 0

rFire   . . .      SeeInvis +     - Unarmed
rCold   . . .      Faith    .   (shield unavailable)
rNeg    . . .      Spirit   .   (body armour unavailable)
rPois   .          Reflect  .   (helmet unavailable)
rElec   .          Harm     .   (cloak unavailable)
rCorr   .          Rampage  .   (gloves unavailable)
Will    .....                   (boots unavailable)
Stlth   ++........              (no amulet)
HPRegen 0.05/turn               (no ring)
MPRegen 0.09/turn               (no ring)

@: quick
A: very small, claws 1, fangs 3, see invisible, speed 1, shaggy fur 1, stealthy
paws, no weapons or thrown items, no armour, multi-lived
a: Renounce Religion


You were on level 2 of the Dungeon.
You worshipped Xom.
You were a special plaything of Xom.
You visited 1 branch of the dungeon, and saw 2 of its levels.

You collected 93 gold pieces.
You spent 38 gold pieces at shops.

Inventory:

Scrolls
 c - a scroll of summoning {unknown}
 d - a scroll of magic mapping
Potions
 b - a potion of cancellation
Miscellaneous
 a - a piece from Xom's chessboard (8/15) (quivered)


   Skills:
 + Level 3.5 Fighting
 + Level 3.4 Dodging
 + Level 0.4 Stealth
 + Level 3.5 Unarmed Combat


You had 2 spell levels left.
You didn't know any spells.
Your spell library was empty.

Dungeon Overview and Level Annotations

Branches:
Dungeon (2/15)

Altars:

Shops:
D:1 ?


Innate Abilities, Weirdness & Mutations

You have sharp claws.
You have razor-sharp teeth.
You have supernaturally acute eyesight. (SInv)
You cover ground quickly. (Speed+)
You are covered in fur. (AC +1)
Your paws help you pounce on unaware monsters.
You are incapable of wielding weapons or throwing items.
You cannot wear armour.
You gain extra lives every three experience levels.


Message History

You scratch the adder.
The adder is lightly wounded.
You feel sick. The adder misses you. The ball python closely misses you.
The ball python completely misses you. The adder bites you but does no damage.
You scratch the adder.
The adder is moderately wounded.
You feel sick. The ball python misses you. The ball python barely misses you.
The adder completely misses you.
You scratch the adder.
The adder is heavily wounded.
You feel sick. The ball python barely misses you. The ball python misses you.
The adder bites you. The ball python bites you.
The ball python closely misses you.
You are too injured to fight recklessly!
You are too injured to fight recklessly!
You are too injured to fight recklessly!
You feel sick.
You are no longer poisoned.
You barely miss the adder. Your bite misses the adder.
The adder is heavily wounded.
The adder barely misses you. The adder completely misses you.
The ball python barely misses you. The ball python grabs you.
The ball python constricts you.
* * * LOW HITPOINT WARNING * * *
You escape the ball python's grasp.
The adder attacks as you move away! The adder barely misses you.
Okay, then.
Okay, then.
It was a potion of cancellation.
You feel magically purged. The adder bites you.
* * * LOW HITPOINT WARNING * * *
It was a potion of curing.
You feel better. The adder bites you.
* * * LOW HITPOINT WARNING * * *
You make a move on Xom's chessboard...
The ball python seems to grow stronger.
The adder bites you.
* * * LOW HITPOINT WARNING * * *
The adder misses you.
You make a move on Xom's chessboard...
The ball python twists and deforms.
The adder bites you.
You die...

###############
..............# #####
#############.# ##...##
#######.####.....#
..........@SS>...#
#######..###.....#
................#
................#
#...................######.
#........................<.
#..............#...#.####..
## #..............#.#.#...
.###..............#.#.#..##


You could see an adder and a ball python (strong, misshapen).

Vanquished Creatures
  3 endoplasms (D:2)
  2 giant cockroaches (D:1)
  5 goblins
  2 hobgoblins (D:1)
  5 ball pythons (D:1)
  4 bats
  2 frilled lizards
  A kobold (D:1)
  3 rats (D:2)
27 creatures vanquished.

Notes
Turn   | Place    | Note
-------+----------+-------------------------------------------
     0 | D:1      | Lekart the Felid Chaos Knight began the quest for the Orb.
     0 | D:1      | Reached XP level 1. HP: 10/10 MP: 2/2
    57 | D:1      | XOM: butterfly on damage
   140 | D:1      | Reached XP level 2. HP: 3/14 MP: 3/3
   318 | D:1      | XOM: divination: detect creatures
   615 | D:1      | XOM: silly message
   855 | D:1      | XOM: divination: magic mapping
   877 | D:1      | Found Ycvujofy's Magic Scroll Emporium.
   885 | D:1      | Bought a scroll of magic mapping for 38 gold pieces
  1144 | D:2      | Reached XP level 3. HP: 5/17 MP: 4/4
  1469 | D:2      | Slain by an adder

Illustrated notes

Levels and vault maps discovered:
D:1:      lightli_iron_boxes, layout_basic, serial_shops, shop,
          minmay_pentomino_t2
D:2:      layout_basic

Action                   || total
-------------------------++-------
Melee: Unarmed           ||    59
       Bite              ||     7
Evoke: Piece from Xom's  ||     8
  Use: Potion            ||     2
 Stab: Sleeping          ||     1
Armor: Skin              ||     4
Dodge: Dodged            ||    63

Table legend: (Time is in decaauts)
 A = Elapsed time spent in this place.
 B = Non-inter-level travel time spent in this place.
 C = Inter-level travel time spent in this place.
 D = Time resting spent in this place.
 E = Time spent auto-exploring this place.
 F = Levels seen in this place.
 G = Mean time per level.
                   A        B        C        D        E       F      G
               +--------+--------+--------+--------+--------+-----+--------+
         Total |   1306 |   1301 |      5 |    266 |    793 |   2 |  653.0 |
       Dungeon |   1306 |   1301 |      5 |    266 |    793 |   2 |  653.0 |
               +--------+--------+--------+--------+--------+-----+--------+

Top non-repeatable levels by time:
     D:1: 790 daAuts
     D:2: 515 daAuts
